Map: Pillars of Gold LE

Players

Trap

  • Race: Protoss Protoss
  • Spawn Location: 7:00

Reynor - Winner!

  • Race: Zerg Zerg
  • Spawn Location: 1:00

Event: IEM Katowice 2021

VOD

Have the link to the VOD?

Description

Time

  • Played on: Feb. 24, 2021, 10:03 a.m.
  • Length: 13:13

All games in this series

Show
View Real Time Build Order
Export as new Build Order

Trap Protoss 

Build Orders: 1 Gate Expand, Oracle Opening 

Get SALT Encoding   

  12  0:00  Probe  
  13  0:14  Pylon  
  13  0:18  Probe (Chrono Boost)  
  14  0:27  Probe (Chrono Boost)  
  15  0:32  Probe (Chrono Boost)  
  16  0:42  Gateway  
  16  0:44  Probe  
  17  0:51  Assimilator  
  17  0:56  Probe  
  18  1:08  Probe  
  19  1:20  Probe  
  20  1:28  Nexus  
  20  1:39  Cybernetics Core  
  20  1:41  Probe  
  21  1:48  Assimilator  
  21  1:54  Probe  
  22  1:58  Pylon  
  22  2:05  Probe  
  23  2:13  Adept (Chrono Boost), Probe  
  23  2:16  Warp Gate  
  23  2:22  Probe  
  26  2:29  Stargate  
  27  2:33  Probe (Chrono Boost)  
  28  2:38  Adept  
  28  2:42  Probe (Chrono Boost)  
  31  2:50  Probe (Chrono Boost)  
  33  2:51  Probe (Chrono Boost)  
  33  2:57  Probe  
  34  3:00  Probe  
  34  3:04  Void Ray (Chrono Boost)  
  35  3:09  Probe  
  35  3:12  Probe  
  41  3:14  Adept  
  41  3:18  Pylon  
  43  3:21  Probe  
  43  3:24  Probe  
  45  3:29  Gateway  
  45  3:33  Probe  
  46  3:36  Probe  
  46  3:39  Oracle (Chrono Boost)  
  51  3:48  Probe  
  51  3:49  Probe  
  51  3:54  Pylon  
  52  4:02  Nexus  
  52  4:04  Probe  
  52  4:05  Probe  
  53  4:13  Assimilator  
  53  4:17  Assimilator, Probe x2  
  55  4:22  Stargate  
  55  4:25  Zealot  
  55  4:27  Void Ray (Chrono Boost)  
  55  4:29  Probe  
  59  4:37  Pylon  
  62  4:43  Pylon  
  62  4:45  Shield Battery  
  62  4:52  Void Ray (Chrono Boost)  
  62  4:55  Probe x2  
  62  4:58  Robotics Facility  
  68  5:07  Probe x2  
  68  5:12  Void Ray  
  70  5:15  Probe (Chrono Boost)  
  70  5:19  Probe (Chrono Boost)  
  77  5:23  Shield Battery  
  77  5:24  Probe (Chrono Boost)  
  77  5:27  Probe (Chrono Boost)  
  79  5:29  Probe (Chrono Boost)  
  79  5:30  Void Ray  
  79  5:32  Probe (Chrono Boost)  
  79  5:33  Probe (Chrono Boost)  
  79  5:34  Probe (Chrono Boost)  
  81  5:38  Pylon  
  81  5:41  Probe  
  87  5:43  Probe  
  87  5:45  Probe  
  87  5:47  Robotics Bay  
  89  5:52  Void Ray  
  89  5:53  Probe  
  89  5:55  Probe  
  91  5:57  Probe  
  91  5:58  Assimilator  
  91  5:59  Assimilator  
  91  6:04  Observer  
  97  6:05  Probe  
  97  6:06  Forge  
  97  6:07  Probe  
  97  6:09  Probe  
  100  6:11  Gateway  
  100  6:14  Gateway  
  100  6:16  Pylon  
  100  6:19  Probe  
  100  6:20  Pylon  
  101  6:28  Void Ray  
  101  6:32  Void Ray  
  101  6:34  Probe x2  
  101  6:39  Disruptor (Chrono Boost)  
  111  6:42  Shield Battery  
  111  6:44  Shield Battery  
  114  6:47  Zealot, Photon Cannon  
  114  6:48  Photon Cannon  
  114  6:53  Protoss Ground Weapons Level 1 (Chrono Boost)  
  116  6:57  Twilight Council  
  116  7:04  Gateway  
  116  7:08  Gateway  
  116  7:10  Pylon  
  116  7:12  Stargate  
  116  7:17  Pylon  
  116  7:18  Pylon  
  116  7:19  Photon Cannon  
  116  7:20  Void Ray (Chrono Boost)  
  116  7:26  Void Ray (Chrono Boost), Photon Cannon  
  116  7:28  Disruptor  
  116  7:29  Photon Cannon  
  127  7:37  Pylon  
  127  7:38  Charge  
  127  7:42  Shield Battery  
  127  7:53  Pylon, Gateway  
  127  8:01  Templar Archives, Disruptor (Chrono Boost)  
  127  8:11  Zealot x3  
  133  8:17  Fleet Beacon  
  133  8:19  Probe, Nexus  
  135  8:20  Probe x2  
  136  8:27  Pylon  
  136  8:28  Warp Prism (Chrono Boost)  
  136  8:31  Pylon  
  136  8:32  Protoss Air Weapons Level 1 (Chrono Boost)  
  138  8:36  Probe x3  
  141  8:41  Observer  
  141  8:51  High Templar  
  141  8:52  Zealot x2, High Templar x2  
  141  8:53  Zealot  
  141  8:54  Shield Battery  
  153  8:56  Shield Battery  
  153  8:57  Archon  
  153  8:59  Photon Cannon  
  153  9:05  Gateway  
  153  9:06  Gateway  
  153  9:11  Photon Cannon  
  153  9:13  High Templar  
  153  9:14  High Templar x2  
  159  9:18  Archon x2  
  159  9:23  Assimilator, Disruptor (Chrono Boost)  
  159  9:24  Assimilator  
  159  9:29  Zealot x3  
  168  9:44  Blink (Chrono Boost)  
  164  9:46  Protoss Ground Weapons Level 2  
  164  9:50  Flux Vanes  
  164  9:52  Zealot x6  
  170  10:05  Stalker  
  170  10:06  Stalker, Disruptor (Chrono Boost)  
  177  10:19  Zealot  
  177  10:20  Zealot x5  
  150  10:26  Probe x4  
  150  10:29  Pylon  
  132  10:48  Stalker x8, Disruptor (Chrono Boost)  
  114  11:09  Observer  
  114  11:10  Gateway  
  112  11:13  Gateway  
  112  11:14  Disruptor (Chrono Boost)  
  112  11:16  Gateway  
  113  11:18  High Templar  
  113  11:19  High Templar x3  
  113  11:20  Zealot, High Templar  
  113  11:21  Stalker x2  
  113  11:25  Archon x2  
  129  11:40  Disruptor (Chrono Boost)  
  129  11:46  Stalker x2  
  129  11:47  Stalker  
  135  11:51  Stalker x4  
  135  11:52  Stalker  
  100  12:08  Disruptor (Chrono Boost)  
  100  12:14  Stalker x5  
  100  12:15  Stalker  
  109  12:22  Stalker x2  
  105  12:33  Disruptor (Chrono Boost)  
  104  12:45  High Templar x2  
  104  12:47  Zealot x3  
  104  12:50  Zealot  
  116  12:54  Zealot  
  116  12:55  Zealot  
  116  12:57  Archon  
Show
View Real Time Build Order
Export as new Build Order

Reynor Zerg - Winner!

Build Orders: Hatch First 

Get SALT Encoding   

  12  0:00  Drone  
  13  0:12  Overlord  
  13  0:17  Drone  
  14  0:31  Drone  
  15  0:45  Drone  
  15  0:46  Drone  
  17  0:57  Hatchery  
  17  0:59  Drone  
  17  1:02  Drone  
  18  1:13  Extractor  
  17  1:18  Spawning Pool  
  17  1:21  Drone  
  17  1:26  Drone  
  17  1:30  Drone  
  19  1:39  Drone  
  20  1:49  Overlord  
  20  2:05  Queen  
  22  2:08  Zergling x2  
  22  2:09  Drone, Queen  
  22  2:12  Zergling x2  
  27  2:20  Drone  
  28  2:23  Drone  
  28  2:24  Metabolic Boost  
  29  2:30  Drone  
  30  2:43  Hatchery  
  29  2:45  Drone x2  
  29  2:48  Drone  
  32  2:55  Overlord  
  32  2:58  Drone  
  33  3:05  Drone x2  
  35  3:13  Queen  
  35  3:15  Zergling x4  
  35  3:16  Drone x2  
  41  3:21  Overlord  
  41  3:25  Drone  
  42  3:29  Overlord  
  42  3:32  Queen  
  44  3:40  Drone x2  
  46  3:45  Overlord  
  46  3:49  Queen  
  46  3:50  Drone  
  46  3:51  Drone x2  
  51  3:57  Zergling x4  
  53  4:03  Drone  
  53  4:06  Queen  
  53  4:08  Overlord  
  56  4:14  Overlord  
  56  4:16  Drone x2  
  57  4:21  Overlord  
  57  4:25  Overlord  
  57  4:26  Spore Crawler  
  57  4:28  Drone  
  57  4:30  Spore Crawler  
  56  4:35  Drone x3  
  56  4:36  Drone  
  56  4:37  Drone x2  
  62  4:39  Drone  
  62  4:41  Drone  
  62  4:44  Drone  
  65  4:50  Drone x2  
  65  4:51  Drone x3  
  69  4:55  Overlord  
  69  4:59  Overlord  
  69  5:00  Drone  
  69  5:02  Drone  
  69  5:05  Lair  
  71  5:07  Drone x2  
  71  5:08  Drone  
  74  5:14  Drone x2  
  74  5:16  Drone x2  
  74  5:18  Extractor, Drone  
  74  5:19  Evolution Chamber, Extractor  
  74  5:21  Queen  
  75  5:22  Drone  
  75  5:23  Drone  
  75  5:25  Extractor  
  75  5:26  Drone  
  75  5:27  Extractor, Drone  
  75  5:28  Drone  
  80  5:31  Drone x2  
  82  5:38  Drone x3  
  82  5:39  Drone x2  
  82  5:42  Extractor  
  86  5:43  Overlord  
  86  5:44  Queen  
  86  5:45  Drone  
  86  5:46  Zerg Missile Weapons Level 1, Drone  
  90  5:53  Spore Crawler  
  89  5:57  Overlord  
  89  5:59  Drone  
  91  6:07  Queen  
  93  6:11  Queen, Spire  
  93  6:16  Hatchery  
  93  6:22  Roach Warren  
  93  6:25  Overlord  
  92  6:39  Overlord  
  92  6:41  Drone x9  
  92  6:45  Queen x2  
  103  6:49  Drone x2  
  103  6:50  Drone  
  104  6:54  Queen  
  104  6:55  Overlord  
  106  7:05  Drone  
  106  7:06  Drone  
  108  7:11  Glial Reconstitution  
  108  7:20  Infestation Pit  
  108  7:21  Queen  
  109  7:23  Drone x2  
  109  7:26  Spore Crawler  
  109  7:27  Roach x9  
  109  7:29  Overlord  
  128  7:35  Queen  
  130  7:38  Drone x8  
  138  7:45  Overlord  
  138  7:48  Roach  
  138  7:49  Roach x2, Queen  
  145  7:54  Spore Crawler  
  144  7:58  Spore Crawler  
  144  7:59  Spore Crawler  
  144  8:02  Hive, Extractor  
  144  8:03  Extractor  
  138  8:07  Zerg Missile Weapons Level 2  
  138  8:08  Hydralisk Den  
  137  8:13  Overlord  
  136  8:20  Queen  
  138  8:30  Drone x2  
  138  8:31  Overlord  
  140  8:39  Spore Crawler  
  139  8:44  Hydralisk x8, Muscular Augments  
  139  8:47  Hatchery, Drone x2  
  156  8:49  Lurker Den  
  156  8:51  Lurker Den  
  156  8:53  Hydralisk, Overlord  
  156  8:54  Hydralisk x10  
  175  9:01  Overlord  
  175  9:02  Overlord x2  
  176  9:08  Overlord  
  176  9:09  Overlord  
  176  9:13  Viper x2  
  182  9:19  Viper  
  182  9:20  Viper x2  
  182  9:23  Zergling x20  
  191  9:39  Hydralisk x8  
  191  9:44  Roach x2  
  195  9:55  Roach x3  
  187  10:05  Roach x7  
  197  10:10  Roach  
  195  10:18  Roach x13  
  195  10:20  Hydralisk  
  184  10:21  Hydralisk  
  184  10:24  Queen x2  
  184  10:25  Hydralisk x2  
  178  10:30  Hydralisk x3  
  178  10:31  Hydralisk  
  178  10:32  Hydralisk  
  184  10:37  Roach x3  
  184  10:40  Hydralisk x3  
  184  10:42  Hydralisk x2  
  188  10:44  Hydralisk  
  188  10:47  Hydralisk, Queen  
  176  10:52  Hydralisk x3  
  176  11:02  Hydralisk  
  176  11:03  Hydralisk x5  
  188  11:10  Hydralisk x4  
  196  11:17  Grooved Spines  
  196  11:18  Zergling x8, Roach x2  
  196  11:19  Overlord  
  196  11:21  Overseer  
  196  11:23  Zergling x2  
  197  11:33  Overlord  
  197  11:36  Hydralisk  
  197  11:46  Hydralisk x2  
  187  11:54  Hydralisk x6  
  187  11:59  Hydralisk x4  
  195  12:04  Hydralisk x6  
  195  12:05  Zergling x8  
  195  12:06  Hydralisk  
  195  12:07  Zergling x2  
  182  12:08  Zergling x2  
  182  12:11  Hydralisk  
  182  12:12  Zergling x2  
  176  12:17  Hydralisk  
  176  12:18  Zergling x2  
  176  12:21  Roach x2, Extractor  
  175  12:23  Hydralisk  
  175  12:24  Queen  
  175  12:27  Hydralisk  
  175  12:28  Hydralisk  
  183  12:30  Roach  
  183  12:35  Roach x2  
  189  12:39  Roach x2  
  189  12:42  Roach x2  
  189  12:43  Hydralisk  
  197  12:44  Zergling x2  

Tags
 
Add a new tag
Caveats
  • Supply blocks, unpowered buildings, or Contaminate may cause inaccurate times.
  • Supply counts are checked every 10 seconds.